 Dungeon Crawl Stone Soup version 0.30-a0-782-ge64f9170bb (webtiles) character file.

Game seed: 14690430182832733535

342 tilp the Slasher (level 7, -2/60 HPs)
             Began as a Meteoran Fighter on Feb 18, 2023.
             Slain by an ice beast (10 damage)
             ... on level 5 of the Dungeon.
             The game lasted 00:06:00 (1484 turns).

tilp the Slasher (Meteoran Fighter)                 Turns: 1484, Time: 00:06:01

Health: -2/60      AC:  8    Str: 17    XL:     7   Next: 12%
Magic:  8/8        EV:  9    Int: 10    God:
Gold:   126        SH:  5    Dex: 16    Spells: 6/6 levels left

rFire   . . .      SeeInvis .    a - +1 long sword
rCold   . . .      Faith    .    c - +0 buckler
rNeg    . . .      Spirit   .    b - +0 scale mail
rPois   .          Reflect  .    (no helmet)
rElec   .          Harm     .    g - +0 cloak
rCorr   .          Rampage  .    (no gloves)
Will    .....                    (no boots) Stlth
                                 (no amulet)
HPRegen 0.30/turn                (no ring)
MPRegen 0.11/turn                (no ring)

@: glowing
A: sense surroundings 1, otherworldly, glowing, explore regen
a: no special abilities


You were on level 5 of the Dungeon.
You visited 1 branch of the dungeon, and saw 5 of its levels.

You collected 126 gold pieces.

Inventory:

Hand Weapons
 a - a +1 long sword (weapon)
Missiles
 j - 23 stones (quivered)
 m - 3 silver boomerangs
Armour
 b - a +0 scale mail (worn)
 c - a +0 buckler (worn)
 g - a +0 cloak (worn)
Scrolls
 k - a scroll of enchant weapon
Potions
 d - a potion of might
 h - a potion of mutation
 i - a potion of ambrosia {unknown}


   Skills:
 * Level 4.5 Fighting
 * Level 6.4 Long Blades
 + Level 1.3 Throwing
 - Level 4.0 Armour
 * Level 1.8 Dodging
 + Level 3.9 Shields


You had 6 spell levels left.
You didn't know any spells.
Your spell library was empty.

Dungeon Overview and Level Annotations

Branches:
Dungeon (5/15) Zot: 1480
 Temple: D:4-7

Altars:
Ru
Wu Jian

Annotations:
D:3 1 runed translucent door, Leeroy's ghost, amateur VSWr


Innate Abilities, Weirdness & Mutations

You passively map a small area around you.
You are easily found by Zot.
You glow in the dark.
You regain HP and MP as you explore.


Message History

The adder barely misses you.
You feel sick.
The orc throws a boomerang.
The boomerang closely misses you. The adder barely misses you.
You feel sick. The adder attacks as you move away!
The adder bites you but does no damage.
You feel sick.
You are no longer poisoned.
The orc throws a boomerang.
You block the boomerang. The adder barely misses you.
The adder attacks as you move away! The adder closely misses you.
The adder bites you but does no damage. The adder attacks as you move away!
The adder bites you but does no damage. x2
You barely miss the adder.
The adder is lightly wounded.
The adder bites you. x2
You closely miss the adder.
The adder is lightly wounded.
The adder bites you but does no damage.
You closely miss the adder.
The adder is lightly wounded.
You block the adder's attack. You block the ice beast's attack.
You closely miss the adder.
The adder is lightly wounded.
The adder bites you but does no damage.
The ice beast hits you but does no damage.
The adder closely misses you. The ice beast hits you.
The ice beast freezes you.
* * * LOW HITPOINT WARNING * * *
You block the adder's attack. The ice beast attacks as you move away!
You block the ice beast's attack.
An adder comes into view.
The adder hisses angrily.
The ice beast attacks as you move away! The ice beast hits you.
* * * LOW HITPOINT WARNING * * *
The ice beast freezes you!
* * * LOW HITPOINT WARNING * * *
You block the adder's attack. The ice beast attacks as you move away!
The ice beast hits you.
* * * LOW HITPOINT WARNING * * *
The ice beast freezes you!
You die...

......###. ### .. ,
......##...##.. * #.# **
.......... ....,##..
...###...#..#.. #.. *
.........##.##.##†#
#....##.....##.##.# ,
#.##.....#..##..#.# ##
#.####............#...##
......s.#.#..##Y@.S.....
.....W###....#lS#######.
......# ###..o..#### *
....W.# #..s.....#
.....l#####..###.#.# ,
......##...........# ,
.......#...........# ,
.......)............# *
.....)##.............. *


You could see an ice beast, a scorpion, an iguana, 2 adders and an orc.

Vanquished Creatures
  A black bear (D:4)
  A necrophage (D:4)
  A hound (D:4)
  2 orc priests (D:3)
  Jessica (D:2)
  2 adders
  A worm (D:3)
  A dart slug (D:5)
  7 orcs
  A bat zombie (D:2)
  4 endoplasms
  3 giant cockroaches
  5 goblins
  2 hobgoblins
  2 jackals (D:3)
  4 kobolds
  5 quokkas
  3 ball pythons
  A ball python skeleton (D:2)
  2 bats (D:3)
  A frilled lizard (D:3)
  4 rats
54 creatures vanquished.

Notes
Turn   | Place    | Note
-------+----------+-------------------------------------------
     0 | D:1      | tilp the Meteoran Fighter began the quest for the Orb.
     0 | D:1      | Reached XP level 1. HP: 19/19 MP: 2/2
    37 | D:1      | Reached XP level 2. HP: 11/26 MP: 3/3
    39 | D:1      | Reached skill level 3 in Long Blades
   111 | D:2      | Noticed Jessica
   118 | D:2      | Killed Jessica
   119 | D:2      | Reached skill level 4 in Long Blades
   119 | D:2      | Reached XP level 3. HP: 18/33 MP: 4/4
   181 | D:2      | Reached XP level 4. HP: 38/40 MP: 5/5
   333 | D:3      | Found a runed translucent door.
   334 | D:3      | Noticed Leeroy's ghost (amateur VSWr)
   568 | D:4      | Found an ornate altar of the Wu Jian Council.
   569 | D:4      | Noticed a necrophage
   582 | D:4      | Killed a necrophage
   583 | D:4      | Reached skill level 5 in Long Blades
   583 | D:4      | Reached XP level 5. HP: 45/46 MP: 6/6
   601 | D:4      | Reached skill level 6 in Long Blades
   601 | D:4      | Reached XP level 6. HP: 46/52 MP: 7/7
   700 | D:4      | Noticed a black bear
   718 | D:4      | Killed a black bear
   719 | D:4      | Reached skill level 1 in Dodging
   857 | D:4      | Identified the +1 robe of the Wild Haggis {rPois rC- rCorr
                  | SInv}
   975 | D:3      | Found a sacrificial altar of Ru.
  1043 | D:3      | Reached skill level 1 in Throwing
  1043 | D:3      | Reached XP level 7. HP: 20/60 MP: 8/8
  1415 | D:5      | Entered Level 5 of the Dungeon
  1484 | D:5      | Slain by an ice beast

Illustrated notes

Levels and vault maps discovered:
D:1:      lightli_molten_gateway, layout_rooms
D:2:      layout_basic, shapermc_ecumenical_altar_totnotflames, serial_undead,
          serial_undead_d, serial_undead_c, serial_undead_d, serial_undead_f,
          serial_undead_b, basic_altar, uniq_jessica
D:3:      minmay_wonky_spiral, layout_loops_ring, hangedman_ru_absence,
          ebering_ghost_reflecting_pool, kennysheep_generic_room_6
D:4:      layout_loops_ring, nicolae_wu_jian_wuxing_cycle
D:5:      layout_rooms, cheibrodos_sewer_entry_sluice

Skill      XL: |  1  2  3  4  5  6 |
---------------+-------------------+-----
Long Blades    | 4 5 6 |  6.4
Fighting       | 4 |  4.5
Dodging        | 1 |  1.8
Throwing       | 1 |  1.3
Armour         | 4 |  4.0
Shields        | |  3.9

Action                     |  1- 3 |  4- 6 |  7- 9 || total
---------------------------+-------+-------+-------++-------
  Melee: Long sword        |    30 |   107 |    50 ||   187
  Throw: Stone             |       |     3 |       ||     3
    Use: Scroll            |       |     2 |     5 ||     7
 Armour: Scale mail        |    12 |    85 |    32 ||   129
  Dodge: Dodged            |    14 |    45 |    27 ||    86
  Block: Buckler           |    13 |    40 |    21 ||    74

Table legend: (Time is in decaauts)
 A = Elapsed time spent in this place.
 B = Non-inter-level travel time spent in this place.
 C = Inter-level travel time spent in this place.
 D = Time resting spent in this place.
 E = Time spent auto-exploring this place.
 F = Levels seen in this place.
 G = Mean time per level.
                   A        B        C        D        E       F      G
               +--------+--------+--------+--------+--------+-----+--------+
         Total |   1520 |   1423 |     97 |      0 |      0 |   5 |  304.0 |
       Dungeon |   1520 |   1423 |     97 |      0 |      0 |   5 |  304.0 |
               +--------+--------+--------+--------+--------+-----+--------+

Top non-repeatable levels by time:
     D:3: 656 daAuts
     D:4: 547 daAuts
     D:1: 151 daAuts
     D:2: 92 daAuts
     D:5: 71 daAuts
